SL
NEW JERSEY FENIX @ SEATTLE AVIATORS
08/11/2034
 
TOP OF THE 1ST
New Jersey Fenix batting - Pitching for Seattle Aviators : RHP José Muńóz
Pitching: RHP José Muńóz
Batting: LHB Alexis Raimbault 0-0: Ball
1-0: Ball
2-0: Ball
3-0: Called Strike
3-1: Foul Ball, location: 2F
3-2: Foul Ball, location: 2F
3-2: Fly out, F8 (Flyball, 8LM)
Batting: RHB Norman Winston 0-0: Ground out 3-1 (Groundball, 2R)
Batting: LHB Javier Sánchez 0-0: Called Strike
0-1: Foul Ball, location: 2F
0-2: Ball
1-2: Fly out, F9 (Flyball, 9LM)
Top of the 1st over - 0 runs, 0 hits, 0 errors, 0 left on base; New Jersey 0 - Seattle 0
BOTTOM OF THE 1ST
Seattle Aviators batting - Pitching for New Jersey Fenix : LHP Joey Dudley
Pitching: LHP Joey Dudley
Batting: SHB Nuygen Vuong 0-0: Swinging Strike
0-1: Foul Ball, location: 2F
0-2: Foul Ball, location: 2F
0-2: Ball
1-2: Ball
2-2: Ball
3-2: Foul Ball, location: 2F
3-2: Foul Ball, location: 2F
3-2: Ground out 4-3 (Groundball, 4)
Batting: RHB Albert Zamudio 0-0: Called Strike
0-1: Ball
1-1: Ball
2-1: Ball
3-1: Base on Balls
Batting: RHB Arlen Joysey 0-0: Ball
1-0: Grounds into double play, 5-4-3 (Groundball, 5)
Bottom of the 1st over - 0 runs, 0 hits, 0 errors, 0 left on base; New Jersey 0 - Seattle 0
TOP OF THE 2ND
New Jersey Fenix batting - Pitching for Seattle Aviators : RHP José Muńóz
Batting: SHB Shiki Sanu 0-0: Foul Ball, location: 2F
0-1: Ball
1-1: SINGLE (Line Drive, 6MD)
Batting: LHB Pedro Gutiérrez 0-0: Ball
1-0: Ball
2-0: Foul Ball, location: 2F
2-1: Swinging Strike
2-2: Ball
Wild Pitch!
Shiki Sanu to second
3-2: Foul Ball, location: 2F
3-2: Strikes out swinging
Batting: LHB Josh Platt 0-0: DOUBLE (Line Drive, 7LS)
Shiki Sanu scores
Batting: RHB José Carlos Pérez 0-0: Called Strike
0-1: Ground out 6-3 (Groundball, 6)
Batting: RHB Takashi Miike 0-0: Called Strike
0-1: Foul Ball, location: 2F
0-2: Ball
1-2: 2-RUN HOME RUN (Line Drive, 7D), Distance : 359 ft
Batting: RHB Bobby Butterfield 0-0: Ball
1-0: Called Strike
1-1: Swinging Strike
1-2: Foul Ball, location: 2F
1-2: TRIPLE (Line Drive, 9LD)
Batting: LHB Alexis Raimbault 0-0: Called Strike
0-1: Ball
1-1: Ball
2-1: Fly out, F6 (Popup, 6S)
Top of the 2nd over - 3 runs, 4 hits, 0 errors, 1 left on base; New Jersey 3 - Seattle 0
BOTTOM OF THE 2ND
Seattle Aviators batting - Pitching for New Jersey Fenix : LHP Joey Dudley
Batting: RHB Walt Miller 0-0: Foul Ball, location: 2F
0-1: SINGLE (Groundball, 6D)
Batting: RHB Alfredo Méndez 0-0: Called Strike
Walt Miller is caught stealing 2nd base
0-1: Foul Ball, location: 2F
0-2: Ground out 5-3 (Groundball, 5)
Batting: LHB Kenny Webster 0-0: Ball
1-0: Fly out, F8 (Flyball, 8LS)
Bottom of the 2nd over - 0 runs, 1 hit, 0 errors, 0 left on base; New Jersey 3 - Seattle 0
TOP OF THE 3RD
New Jersey Fenix batting - Pitching for Seattle Aviators : RHP José Muńóz
Batting: RHB Norman Winston 0-0: Called Strike
0-1: Swinging Strike
0-2: Foul Ball, location: 2F
0-2: Ball
1-2: Ball
2-2: Ball
3-2: Ground out 4-3 (Groundball, 4S)
Batting: LHB Javier Sánchez 0-0: Ball
1-0: Ball
2-0: Fly out, F6 (Popup, 56D)
Batting: SHB Shiki Sanu 0-0: Foul Ball, location: 2F
0-1: Fly out, F7 (Flyball, 78S)
Top of the 3rd over - 0 runs, 0 hits, 0 errors, 0 left on base; New Jersey 3 - Seattle 0
BOTTOM OF THE 3RD
Seattle Aviators batting - Pitching for New Jersey Fenix : LHP Joey Dudley
Batting: SHB Paul Wite 0-0: Ball
1-0: Called Strike
1-1: Swinging Strike
1-2: Ball
2-2: Ground out 5-3 (Groundball, 56S)
Batting: RHB Tomás Gonzáles 0-0: Called Strike
0-1: Ball
1-1: Ball
2-1: Ball
3-1: Ground out 4-3 (Groundball, 4)
Batting: LHB Del Truscott 0-0: Called Strike
0-1: Foul Ball, location: 2F
0-2: Hit by Pitch
Batting: SHB Nuygen Vuong 0-0: Ball
1-0: Ball
2-0: Called Strike
2-1: Called Strike
2-2: Ground out 5-3 (Groundball, 56S)
Bottom of the 3rd over - 0 runs, 0 hits, 0 errors, 1 left on base; New Jersey 3 - Seattle 0
TOP OF THE 4TH
New Jersey Fenix batting - Pitching for Seattle Aviators : RHP José Muńóz
Batting: LHB Pedro Gutiérrez 0-0: Fly out, F2 (Popup, 25F)
Batting: LHB Josh Platt 0-0: Called Strike
0-1: Foul Ball, location: 2F
0-2: Strikes out swinging
Batting: RHB José Carlos Pérez 0-0: Swinging Strike
0-1: Ball
1-1: Ball
2-1: Called Strike
2-2: Ball
3-2: Base on Balls
Batting: RHB Takashi Miike 0-0: Foul Ball, location: 2F
0-1: Foul Ball, location: 2F
0-2: Ball
1-2: Ball
2-2: Ball
3-2: Foul Ball, location: 2F
3-2: Ground out 6-3 (Groundball, 6)
Top of the 4th over - 0 runs, 0 hits, 0 errors, 1 left on base; New Jersey 3 - Seattle 0
BOTTOM OF THE 4TH
Seattle Aviators batting - Pitching for New Jersey Fenix : LHP Joey Dudley
Batting: RHB Albert Zamudio 0-0: Ball
1-0: Ball
2-0: Swinging Strike
2-1: Swinging Strike
2-2: Ball
3-2: Fly out, F9 (Flyball, 9)
Batting: RHB Arlen Joysey 0-0: Called Strike
0-1: Ball
1-1: Ball
2-1: Ball
3-1: Fly out, F7 (Flyball, 78M)
Batting: RHB Walt Miller 0-0: Called Strike
0-1: Ball
1-1: Foul Ball, location: 2F
1-2: Ground out 6-3 (Groundball, 6)
Bottom of the 4th over - 0 runs, 0 hits, 0 errors, 0 left on base; New Jersey 3 - Seattle 0
TOP OF THE 5TH
New Jersey Fenix batting - Pitching for Seattle Aviators : RHP José Muńóz
Batting: RHB Bobby Butterfield 0-0: Ball
1-0: Fly out, F9 (Flyball, 9LD)
Batting: LHB Alexis Raimbault 0-0: Called Strike
0-1: Fly out, F8 (Flyball, 8LM)
Batting: RHB Norman Winston 0-0: Ball
1-0: Called Strike
1-1: Ball
2-1: Foul Ball, location: 2F
2-2: Strikes out looking
Top of the 5th over - 0 runs, 0 hits, 0 errors, 0 left on base; New Jersey 3 - Seattle 0
BOTTOM OF THE 5TH
Seattle Aviators batting - Pitching for New Jersey Fenix : LHP Joey Dudley
Batting: RHB Alfredo Méndez 0-0: Called Strike
0-1: Ball
1-1: Ball
2-1: Foul Ball, location: 2F
2-2: Ball
3-2: Fly out, F4 (Line Drive, 4)
Batting: LHB Kenny Webster 0-0: Called Strike
0-1: SINGLE (Line Drive, 56D)
Batting: SHB Paul Wite 0-0: Called Strike
0-1: Swinging Strike
0-2: Ball
1-2: Ball
2-2: Foul Ball, location: 2F
2-2: DOUBLE (Groundball, 5L)
Kenny Webster to third
Batting: RHB Tomás Gonzáles 0-0: Called Strike
0-1: Swinging Strike
0-2: Foul Ball, location: 2F
0-2: Ball
1-2: Ball
2-2: Ball
3-2: Base on Balls
Batting: LHB Del Truscott 0-0: Fielders Choice at 2nd, 3-6 (Groundball, 34)
Kenny Webster scores
Paul Wite to third
Batting: SHB Nuygen Vuong 0-0: Called Strike
0-1: Called Strike
0-2: Ball
1-2: SINGLE (Groundball, 34D)
Paul Wite scores
Del Truscott to second
Runner from 2nd tries for 3rd, SAFE, no throw
Batting: RHB Albert Zamudio 0-0: Ground out 4-3 (Groundball, 34)
Bottom of the 5th over - 2 runs, 3 hits, 0 errors, 2 left on base; New Jersey 3 - Seattle 2
TOP OF THE 6TH
New Jersey Fenix batting - Pitching for Seattle Aviators : RHP José Muńóz
Batting: LHB Javier Sánchez 0-0: Ball
1-0: Foul Ball, location: 2F
1-1: Foul Ball, location: 2F
1-2: Strikes out swinging
Batting: SHB Shiki Sanu 0-0: Ball
1-0: Ball
2-0: Ball
3-0: Base on Balls
Batting: LHB Pedro Gutiérrez 0-0: Ball
1-0: Ball
2-0: Called Strike
2-1: Foul Ball, location: 2F
2-2: Ball
3-2: Strikes out looking
Batting: LHB Josh Platt 0-0: Ball
1-0: Foul Ball, location: 2F
1-1: Ball
2-1: Foul Ball, location: 2F
2-2: Ball
3-2: Foul Ball, location: 2F
3-2: Strikes out swinging
Top of the 6th over - 0 runs, 0 hits, 0 errors, 1 left on base; New Jersey 3 - Seattle 2
BOTTOM OF THE 6TH
Seattle Aviators batting - Pitching for New Jersey Fenix : LHP Joey Dudley
Batting: RHB Arlen Joysey 0-0: SINGLE (Groundball, 6MD)
Batting: RHB Walt Miller 0-0: Called Strike
0-1: Ball
1-1: Swinging Strike
1-2: Foul Ball, location: 2F
1-2: Ball
2-2: Ball
3-2: Fielders Choice at 2nd, 6-4 (Groundball, 6M)
Batting: RHB Alfredo Méndez 0-0: Called Strike
0-1: Ball
Walt Miller is caught stealing 2nd base
1-1: DOUBLE (Groundball, 5L)
Batting: LHB Kenny Webster 0-0: Called Strike
0-1: Ball
1-1: Foul Ball, location: 2F
1-2: Foul Ball, location: 2F
1-2: DOUBLE (Flyball, 78XD)
Alfredo Méndez scores
Batting: SHB Paul Wite 0-0: Ball
1-0: Foul Ball, location: 2F
1-1: Swinging Strike
1-2: Ground out 6-3 (Groundball, 6)
Bottom of the 6th over - 1 run, 3 hits, 0 errors, 1 left on base; New Jersey 3 - Seattle 3
TOP OF THE 7TH
New Jersey Fenix batting - Pitching for Seattle Aviators : RHP José Muńóz
Batting: RHB José Carlos Pérez 0-0: Ball
1-0: SINGLE (Groundball, 34D)
Batting: RHB Takashi Miike 0-0: Foul Ball, location: 2F
0-1: Ball
1-1: Fly out, F6 (Popup, 6MD)
Pitching: RHP Júlio Gutiérrez
Batting: RHB Bobby Butterfield 0-0: Swinging Strike
0-1: Ball
1-1: Ball
2-1: Swinging Strike
2-2: Fielders Choice at 2nd, 6-4 (Groundball, 6)
Batting: LHB Alexis Raimbault 0-0: Ball
1-0: Foul Ball, location: 2F
1-1: Ball
2-1: Foul Ball, location: 2F
2-2: Ball
3-2: Foul Ball, location: 2F
3-2: Fly out, F9 (Flyball, 89S)
Top of the 7th over - 0 runs, 1 hit, 0 errors, 1 left on base; New Jersey 3 - Seattle 3
BOTTOM OF THE 7TH
Seattle Aviators batting - Pitching for New Jersey Fenix : LHP Joey Dudley
Pinch Hitting: RHB Lester Kwiatkowski 0-0: Called Strike
0-1: Swinging Strike
0-2: Ball
1-2: Ball
2-2: Ball
3-2: Strikes out looking
Pinch Hitting: LHB Yataro Kodo 0-0: Ball
1-0: Called Strike
1-1: Foul Ball, location: 2F
1-2: Ball
2-2: Foul Ball, location: 2F
2-2: SINGLE (Groundball, 56) (infield hit)
Pitching: RHP Andrei-Luiz Frial
Batting: SHB Nuygen Vuong Balk!
Yataro Kodo to second
0-0: Called Strike
0-1: Foul Ball, location: 2F
0-2: Foul Ball, location: 2F
0-2: Ball
1-2: Foul Ball, location: 2F
1-2: Ball
2-2: Ground out 3-1 (Groundball, 34S)
Yataro Kodo to third
Batting: RHB Albert Zamudio 0-0: Called Strike
0-1: Ball
1-1: Ball
2-1: Ball
3-1: Called Strike
3-2: Foul Ball, location: 2F
3-2: Fly out, F3 (Popup, 34)
Bottom of the 7th over - 0 runs, 1 hit, 0 errors, 1 left on base; New Jersey 3 - Seattle 3
TOP OF THE 8TH
New Jersey Fenix batting - Pitching for Seattle Aviators : RHP Júlio Gutiérrez
Now at 3B: Yataro Kodo
Now in CF: Lester Kwiatkowski
Batting: RHB Norman Winston 0-0: Ball
1-0: Foul Ball, location: 2F
1-1: SINGLE (Groundball, 56D)
Batting: LHB Javier Sánchez 0-0: Swinging Strike
0-1: Ball
Wild Pitch!
Norman Winston to second
1-1: Called Strike
1-2: Ball
2-2: Ball
3-2: Foul Ball, location: 2F
3-2: Base on Balls
Batting: SHB Shiki Sanu 0-0: Ball
1-0: Called Strike
1-1: Ball
2-1: Ball
3-1: Fly out, F3 (Line Drive, 3)
Batting: LHB Pedro Gutiérrez 0-0: Called Strike
0-1: Foul Ball, location: 2F
0-2: Strikes out swinging
Pitching: RHP Zach Rediker
Batting: LHB Josh Platt 0-0: Ball
1-0: Ball
2-0: Ball
3-0: Foul Ball, location: 2F
3-1: Fly out, F8 (Flyball, 8LS)
Top of the 8th over - 0 runs, 1 hit, 0 errors, 2 left on base; New Jersey 3 - Seattle 3
BOTTOM OF THE 8TH
Seattle Aviators batting - Pitching for New Jersey Fenix : RHP Andrei-Luiz Frial
Batting: RHB Arlen Joysey 0-0: Called Strike
0-1: Ball
1-1: Ball
2-1: Foul Ball, location: 2F
2-2: Ground out 4-3 (Groundball, 6M)
Batting: RHB Walt Miller 0-0: SOLO HOME RUN (Flyball, 9LD), Distance : 339 ft
Batting: RHB Alfredo Méndez 0-0: Ball
1-0: Swinging Strike
1-1: Ground out 1-3 (Groundball, 13S)
Batting: LHB Kenny Webster 0-0: Ball
1-0: Swinging Strike
1-1: Called Strike
1-2: Fly out, F9 (Flyball, 9S)
Bottom of the 8th over - 1 run, 1 hit, 0 errors, 0 left on base; New Jersey 3 - Seattle 4
TOP OF THE 9TH
New Jersey Fenix batting - Pitching for Seattle Aviators : RHP Zach Rediker
Pitching: LHP Holden Rosen Grupp
Now in RF: Pedro Corona
Batting: RHB José Carlos Pérez 0-0: SINGLE (Groundball, 34D)
Pinch Runner at 1st Michael Cochran:
Batting: RHB Takashi Miike 0-0: Ball
1-0: Grounds into double play, 6-4-3 (Groundball, 6)
Batting: RHB Bobby Butterfield 0-0: Foul Ball, location: 2F
0-1: Ball
1-1: Ball
2-1: Foul Ball, location: 2F
2-2: Strikes out swinging
Top of the 9th over - 0 runs, 1 hit, 0 errors, 0 left on base; New Jersey 3 - Seattle 4
Friday, March 29th, 2019 - OOTP Baseball 18.8 Build 76